 Dungeon Crawl Stone Soup version 0.22-a0-136-g83a10e5 (webtiles) character file.

252 mortelune the Chiller (level 5, 0/40 HPs)
             Began as a Demonspawn Ice Elementalist on Feb 3, 2018.
             Was an Initiate of Ashenzari.
             Slain by Purgy (9 damage)
             ... on level 4 of the Dungeon.
             The game lasted 00:13:10 (5846 turns).

mortelune the Chiller (Demonspawn Ice Elementalist) Turns: 5846, Time: 00:13:10

Health: 0/40       AC:  3    Str:  8    XL:     5   Next: 89%
Magic:  6/10       EV: 12    Int: 17    God:    Ashenzari [......]
Gold:   159        SH:  0    Dex: 14    Spells: 0/10 levels left

rFire    x . .     SeeInvis .   p - +1 morningstar
rCold    + . .     Gourm    .   (no shield)
rNeg     . . .     Faith    .   a - +0 robe
rPois    .         Spirit   .   (helmet restricted)
rElec    .         Reflect  .   (no cloak)
rCorr    .         Harm     .   (no gloves)
MR       .....                  (no boots)
Stlth    +.........             (no amulet)
HPRegen  0.13/turn              i - ring of ice (curse)
MPRegen  0.12/turn              (no ring)

@: about to teleport, very slow
A: horns 1, rugged brown scales 1, powered by pain 1
a: Curse Item, Renounce Religion


You were on level 4 of the Dungeon.
You worshipped Ashenzari.
Ashenzari was noncommittal.
You were not hungry.

You visited 1 branch of the dungeon, and saw 4 of its levels.
You also visited: Sewer.

You collected 159 gold pieces.

Inventory:

Hand Weapons
 d - a +0 short sword
 k - a +0 mace
 p - a +1 morningstar (weapon)
Armour
 a - a +0 robe (worn)
Jewellery
 i - a cursed ring of ice (left hand)
 l - an uncursed ring of flight
Scrolls
 e - 2 scrolls of enchant weapon
 h - a scroll of remove curse
Potions
 f - a potion of ambrosia
 g - 2 potions of mutation
 n - 2 potions of berserk rage
 q - a potion of magic
 r - a potion of degeneration
Books
 b - a book of Frost

   Spells                             Type                      Level
   a - Freeze                         Ice                          1
   b - Throw Frost                    Conjuration/Ice              2
   c - Ozocubu's Armour               Charms/Ice                   3
   d - Throw Icicle                   Conjuration/Ice              4
   e - Summon Ice Beast               Ice/Summoning                4
Comestibles
 c - 2 rations


   Skills:
 - Level 2.5 Fighting
 - Level 1.7 Dodging
 - Level 1.7 Stealth
 + Level 3.4 Spellcasting
 + Level 1.8 Conjurations
 * Level 0.9 Summonings
 * Level 4.2 Ice Magic


You couldn't memorise any spells.
You knew the following spells:

 Your Spells              Type           Power        Failure   Level  Hunger
a - Freeze                Ice            ####         3%          1    None
b - Throw Frost           Conj/Ice       ###...       8%          2    ##.....
c - Ozocubu's Armour      Chrm/Ice       ###.....     22%         3    ###....
d - Summon Ice Beast      Ice/Summ       ###.....     50%         4    ####...


Dungeon Overview and Level Annotations

Branches:
Dungeon (4/15)
 Temple: D:4-7

Altars:
Ashenzari
Sif Muna
Vehumet
Xom

Annotations:
D:4 Purgy


Innate Abilities, Weirdness & Mutations

You have a pair of small horns on your head.
You are partially covered in rugged brown scales. (AC +1, +3% HP)
You sometimes gain a little power by taking damage.


Message History

Purgy hisses menacingly.
Purgy bites you!
* * * LOW HITPOINT WARNING * * *
Purgy closely misses you. Purgy claws you but does no damage. Purgy misses you.
Purgy barely misses you. Purgy closely misses you. Purgy closely misses you.
Purgy claws you but does no damage. Purgy completely misses you.
Your magical contamination has completely faded away.
There is a gate leading back out of this place here.
Purgy misses you. Purgy barely misses you. x2
Welcome back to the Dungeon!
There is a collapsed entrance here.
As you read the scroll of teleportation, it crumbles to dust.
You feel strangely unstable. Purgy bites you.
* * * LOW HITPOINT WARNING * * *
Purgy barely misses you. x2
You enter the shallow water.
Moving in this stuff is going to be slow.
Purgy bites you!
You die...

#############
..#.≈≈≈≈≈≈≈≈≈.##
#...≈≈≈@T≈≈÷≈..#
#...≈≈≈≈≈≈≈≈≈.[#
##############.#
#..^..#.#
#.....# #...###
#.### #.# #.#


You could see Purgy.

Vanquished Creatures
  2 crimson imps
  Terence (D:3)
  An iguana (D:3)
  4 adders
  An ooze (D:3)
  6 dart slugs
  5 leopard geckos
  4 orcs (D:3)
  7 giant cockroaches
  8 goblins
  2 hobgoblins
  4 jackals (D:1)
  8 kobolds
  A quokka (D:2)
  A ball python (D:3)
  11 bats
  2 frilled lizards
  7 rats
75 creatures vanquished.

Notes
Turn   | Place    | Note
-------+----------+-------------------------------------------
     0 | D:1      | mortelune the Demonspawn Ice Elementalist began the quest for the Orb.
     0 | D:1      | Reached XP level 1. HP: 13/13 MP: 3/3
   278 | D:1      | Gained mutation: You have a pair of small horns on your head. [demonic ancestry]
   278 | D:1      | Reached XP level 2. HP: 16/20 MP: 0/5
   571 | D:1      | Learned a level 2 spell: Throw Frost
   590 | D:1      | Reached skill level 1 in Fighting
   747 | D:1      | Reached skill level 3 in Ice Magic
  1860 | D:1      | Gained mutation: You sometimes gain a little power by taking damage. [demonic ancestry]
  1860 | D:1      | Reached XP level 3. HP: 26/26 MP: 1/6
  2139 | D:2      | Found a shattered altar of Ashenzari.
  2384 | D:2      | Became a worshipper of Ashenzari the Shackled
  2470 | D:2      | Learned a level 3 spell: Ozocubu's Armour
  2502 | D:2      | Found a radiant altar of Vehumet.
  2575 | D:2      | Gained mutation: You are partially covered in rugged brown scales. (AC +1, +3% HP) [demonic ancestry]
  2575 | D:2      | Reached XP level 4. HP: 17/33 MP: 0/8
  3847 | D:3      | Reached XP level 5. HP: 30/40 MP: 2/9
  4183 | D:3      | Found a deep blue altar of Sif Muna.
  4206 | D:3      | Found a shimmering altar of Xom.
  4206 | D:3      | Found a shimmering altar of Xom.
  4366 | D:3      | Found a shimmering altar of Xom.
  4366 | D:3      | Found a shimmering altar of Xom.
  4473 | D:3      | Reached skill level 4 in Ice Magic
  4529 | D:3      | Learned a level 4 spell: Summon Ice Beast
  4667 | D:3      | Noticed Terence
  4686 | D:3      | Killed Terence
  5561 | D:4      | Found a glowing drain.
  5650 | Sewer    | Entered a sewer
  5784 | Sewer    | Noticed Purgy
  5846 | D:4      | Slain by Purgy

Vault maps used:
D:1:      zaba_arrival_water
D:2:      ashenzari_conservatory_becter, lemuel_doored_altar, st_stairs_3
D:3:      lemuel_blue_sif_altar, xom_redecorated, uniq_terence
D:4:      portal_sewer_entry_f, minmay_ruined_shrine
Sewer:    sewer_big_baddie

Skill      XL: |  1  2  3  4  5 |
---------------+----------------+-----
Fighting       | 1 2 |  2.5
Ice Magic      | 3 4 |  4.2
Spellcasting   | 3 |  3.4
Dodging        | |  1.7
Stealth        | |  1.7
Conjurations   | |  1.8
Summonings     | |  0.9

Action                   |  1- 3 |  4- 6 || total
-------------------------+-------+-------++-------
Melee: Short sword       |    28 |       ||    28
       Headbutt          |     3 |     2 ||     5
       Morningstar       |       |     8 ||     8
 Cast: Freeze            |    35 |    34 ||    69
       Throw Frost       |    13 |    46 ||    59
       Ozocubu's Armour  |     1 |     2 ||     3
Invok: Curse Item        |     1 |       ||     1
  Use: Scroll            |       |    10 ||    10
  Eat: Ration            |     1 |     1 ||     2
       Chunk             |     3 |     9 ||    12
Armor: Robe              |    11 |    15 ||    26
Dodge: Dodged            |    32 |    44 ||    76

Table legend:
 A = Spawn XP
 B = Non-spawn XP
 C = Spawn XP percentage of total XP
 D = Spawn monster count
 E = Non-spawn monster count
 F = Spawn count percentage of total count
 G = Total turns spent on level
                    A         B        C        D         E        F      G
               +---------+---------+-------+---------+---------+-------+---------
         Total |       0 |     361 |   0.0 |       0 |      75 |   0.0 |  5846
               +---------+---------+-------+---------+---------+-------+---------
           D:1 |       0 |      46 |   0.0 |       0 |      21 |   0.0 |  2137
           D:2 |       0 |      82 |   0.0 |       0 |      13 |   0.0 |  1098
           D:3 |       0 |     211 |   0.0 |       0 |      30 |   0.0 |  2298
           D:4 |       0 |      15 |   0.0 |       0 |       6 |   0.0 |   119
         Sewer |       0 |       7 |   0.0 |       0 |       5 |   0.0 |   194
               +---------+---------+-------+---------+---------+-------+---------
